TOP OF THE 1ST |
Chicago Cubs batting - Pitching for Atlanta Braves : RHP Mike Soroka
|
Pitching: RHP Mike Soroka
|
|
Batting: RHB Dansby Swanson
|
0-0: Ball 1-0: Swinging Strike 1-1: Foul Ball, location: 23FF 1-2: Ball 2-2: Foul Ball, location: 9LDF 2-2: Ball 3-2: SINGLE (Groundball, 6S, EV 71.9 MPH) (infield hit)
|
Batting: LHB Cody Bellinger
|
0-0: Foul Ball, location: 5F 0-1: Fly out, F8 (Flyball, 8RS, EV 87.5 MPH)
|
Batting: LHB Eric Hosmer
|
0-0: Ball 1-0: Swinging Strike 1-1: Swinging Strike 1-2: Strikes out swinging
|
Batting: SHB Ian Happ
|
0-0: Called Strike 0-1: Called Strike 0-2: Ball 1-2: Foul Ball, location: 7LDF 1-2: Foul Ball, location: 2F 1-2: Ball 2-2: Foul Ball, location: 2LF 2-2: Ball 3-2: Foul Ball, location: 9LDF 3-2: Foul Ball, location: 2RF 3-2: Base on Balls Dansby Swanson to second
|
Batting: RHB Trey Mancini
|
0-0: Ball 1-0: Ball 2-0: SINGLE (Line Drive, 34D, EV 106.9 MPH) Dansby Swanson to third Ian Happ to second Runner from 3rd tries for Home, SAFE, throw by RF to home
|
Batting: LHB Miles Mastrobuoni
|
0-0: Ball 1-0: Called Strike 1-1: 3-RUN HOME RUN (Flyball, 7D, EV 97.5 MPH), Distance : 382 ft
|
Batting: RHB Christopher Morel
|
0-0: Called Strike 0-1: Ball 1-1: Called Strike 1-2: Fly out, F7 (Flyball, 7, EV 78.1 MPH)
|
Top of the 1st over - 4 runs, 3 hits, 0 errors, 0 left on base; Chicago 4 - Atlanta 0 |
BOTTOM OF THE 1ST |
Atlanta Braves batting - Pitching for Chicago Cubs : RHP Jameson Taillon
|
Pitching: RHP Jameson Taillon
|
|
Batting: LHB Michael Harris II
|
0-0: Called Strike 0-1: Ball 1-1: Ball 2-1: Foul Ball, location: 5F 2-2: Foul Ball, location: 7LSF 2-2: Ball 3-2: SINGLE (Line Drive, 4M, EV 95.0 MPH)
|
Batting: SHB Ozzie Albies
|
0-0: Ball 1-0: Foul Ball, location: 2F 1-1: Swinging Strike 1-2: Fly out, F8 (Flyball, 8RXD, EV 96.3 MPH) Runner from 1st tags up, SAFE at 2nd
|
Batting: RHB Ronald Acuna Jr.
|
0-0: Foul Ball, location: 23FF 0-1: Ball 1-1: Ground out 4-3 (Groundball, 4, EV 96.3 MPH) Michael Harris II to third
|
Batting: LHB Matt Olson
|
0-0: 2-RUN HOME RUN (Flyball, 9D, EV 96.9 MPH), Distance : 385 ft
|
Batting: RHB Austin Riley
|
0-0: Fly out, F8 (Line Drive, 89M, EV 94.4 MPH)
|
Bottom of the 1st over - 2 runs, 2 hits, 0 errors, 0 left on base; Chicago 4 - Atlanta 2 |
TOP OF THE 2ND |
Chicago Cubs batting - Pitching for Atlanta Braves : RHP Mike Soroka
|
Batting: SHB Tucker Barnhart
|
0-0: Ball 1-0: Foul Ball, location: 2F 1-1: Ball 2-1: Ball 3-1: Called Strike 3-2: Strikes out swinging
|
Batting: RHB Yan Gomes
|
0-0: Ball 1-0: Called Strike 1-1: Called Strike 1-2: Foul Ball, location: 2F 1-2: Ball 2-2: Ball 3-2: Strikes out swinging
|
Batting: RHB Dansby Swanson
|
0-0: Called Strike 0-1: Foul Ball, location: 9LMF 0-2: Ball 1-2: Ball 2-2: Ball 3-2: Fly out, F7 (Flyball, 78M, EV 93.8 MPH)
|
Top of the 2nd over - 0 runs, 0 hits, 0 errors, 0 left on base; Chicago 4 - Atlanta 2 |
BOTTOM OF THE 2ND |
Atlanta Braves batting - Pitching for Chicago Cubs : RHP Jameson Taillon
|
Batting: RHB Yonathan Daza
|
0-0: Ball 1-0: Called Strike 1-1: SINGLE (Line Drive, 34D, EV 96.3 MPH)
|
Batting: RHB Orlando Arcia
|
0-0: Ball 1-0: 2-RUN HOME RUN (Flyball, 8RXD, EV 105.6 MPH), Distance : 423 ft
|
Batting: RHB Sean Murphy
|
0-0: Swinging Strike 0-1: SINGLE (Groundball, 4MD, EV 94.4 MPH)
|
Batting: SHB Ehire Adrianza
|
0-0: Sac Bunt to 25 - play at first, batter safe! Sean Murphy to second
|
Batting: LHB Michael Harris II
|
0-0: Ball 1-0: Foul Ball, location: 2LF 1-1: Swinging Strike 1-2: Ball 2-2: Ball 3-2: Grounds into double play, 6-4-3 (Groundball, 6M, EV 104.4 MPH) Sean Murphy to third
|
Batting: SHB Ozzie Albies
|
0-0: Fly out, F8 (Flyball, 8RXD, EV 105.6 MPH)
|
Bottom of the 2nd over - 2 runs, 4 hits, 0 errors, 1 left on base; Chicago 4 - Atlanta 4 |
TOP OF THE 3RD |
Chicago Cubs batting - Pitching for Atlanta Braves : RHP Mike Soroka
|
Batting: LHB Cody Bellinger
|
0-0: Ball 1-0: Swinging Strike 1-1: Ground out 6-3 (Groundball, P, EV 81.3 MPH)
|
Batting: LHB Eric Hosmer
|
0-0: Called Strike 0-1: Ball 1-1: Fly out, F5 (Popup, 25F, EV 86.9 MPH)
|
Batting: SHB Ian Happ
|
0-0: Ball 1-0: Foul Ball, location: 2F 1-1: Ball 2-1: Foul Ball, location: 25FF 2-2: Foul Ball, location: 2RF 2-2: SOLO HOME RUN (Flyball, 9D, EV 105.6 MPH), Distance : 403 ft
|
Pitching: LHP Jared Shuster
|
|
Batting: RHB Trey Mancini
|
0-0: Called Strike 0-1: Ground out U3 (Groundball, 3S, EV 83.8 MPH)
|
Top of the 3rd over - 1 run, 1 hit, 0 errors, 0 left on base; Chicago 5 - Atlanta 4 |
BOTTOM OF THE 3RD |
Atlanta Braves batting - Pitching for Chicago Cubs : RHP Jameson Taillon
|
Batting: RHB Ronald Acuna Jr.
|
0-0: Called Strike 0-1: Ball 1-1: Ball 2-1: Ball 3-1: Fly out, F8 (Flyball, 78XD, EV 100.6 MPH)
|
Batting: LHB Matt Olson
|
0-0: Foul Ball, location: 5FF 0-1: Ball 1-1: Fly out, F8 (Flyball, 8LXD, EV 98.8 MPH)
|
Batting: RHB Austin Riley
|
0-0: Called Strike 0-1: SINGLE (Groundball, 4MD, EV 106.9 MPH)
|
Batting: RHB Yonathan Daza
|
0-0: Called Strike 0-1: Ball 1-1: Ball 2-1: DOUBLE (Groundball, 5L, EV 99.4 MPH) Austin Riley to third
|
Batting: RHB Orlando Arcia
|
0-0: Ground out 1-3 (Groundball, 15, EV 62.5 MPH)
|
Bottom of the 3rd over - 0 runs, 2 hits, 0 errors, 2 left on base; Chicago 5 - Atlanta 4 |
TOP OF THE 4TH |
Chicago Cubs batting - Pitching for Atlanta Braves : LHP Jared Shuster
|
Batting: LHB Miles Mastrobuoni
|
0-0: Called Strike 0-1: Called Strike 0-2: Ground out U3 (Groundball, 13, EV 91.9 MPH)
|
Batting: RHB Christopher Morel
|
0-0: Swinging Strike 0-1: Ground out 5-3 (Groundball, 56S, EV 65.0 MPH)
|
Batting: SHB Tucker Barnhart
|
0-0: Foul Ball, location: 3SF 0-1: Swinging Strike 0-2: Ball 1-2: Strikes out swinging
|
Top of the 4th over - 0 runs, 0 hits, 0 errors, 0 left on base; Chicago 5 - Atlanta 4 |
BOTTOM OF THE 4TH |
Atlanta Braves batting - Pitching for Chicago Cubs : RHP Jameson Taillon
|
Batting: RHB Sean Murphy
|
0-0: Fly out, F5 (Popup, 5SF, EV 78.1 MPH)
|
Batting: SHB Ehire Adrianza
|
0-0: Ball 1-0: DOUBLE (Line Drive, 7LS, EV 95.6 MPH)
|
Batting: LHB Michael Harris II
|
0-0: Ball 1-0: Called Strike 1-1: Ground out 6-3 (Groundball, 6, EV 84.4 MPH) Ehire Adrianza to third
|
Batting: SHB Ozzie Albies
|
0-0: Called Strike 0-1: Called Strike 0-2: Ball 1-2: Strikes out swinging
|
Bottom of the 4th over - 0 runs, 1 hit, 0 errors, 1 left on base; Chicago 5 - Atlanta 4 |
TOP OF THE 5TH |
Chicago Cubs batting - Pitching for Atlanta Braves : LHP Jared Shuster
|
Batting: RHB Yan Gomes
|
0-0: Ball 1-0: Called Strike 1-1: Foul Ball, location: 23F 1-2: Ground out 1-3 (Groundball, 13S, EV 73.1 MPH)
|
Batting: RHB Dansby Swanson
|
0-0: Ball 1-0: Fly out, F8 (Flyball, 8LXD, EV 97.5 MPH)
|
Batting: LHB Cody Bellinger
|
0-0: Called Strike 0-1: Foul Ball, location: 5F 0-2: Ball 1-2: Ball 2-2: Ball 3-2: Ground out 4-3 (Groundball, 4, EV 85.0 MPH)
|
Top of the 5th over - 0 runs, 0 hits, 0 errors, 0 left on base; Chicago 5 - Atlanta 4 |
BOTTOM OF THE 5TH |
Atlanta Braves batting - Pitching for Chicago Cubs : RHP Jameson Taillon
|
Batting: RHB Ronald Acuna Jr.
|
0-0: Ball 1-0: Ball 2-0: Called Strike 2-1: Ball 3-1: Called Strike 3-2: DOUBLE (Line Drive, 9LS, EV 107.5 MPH)
|
Batting: LHB Matt Olson
|
0-0: Ground out U3 (Groundball, 34, EV 105.0 MPH) Ronald Acuna Jr. to third
|
Batting: RHB Austin Riley
|
0-0: Called Strike 0-1: Ball 1-1: SINGLE (Line Drive, 8LS, EV 93.1 MPH) Ronald Acuna Jr. scores
|
Pitching: RHP Michael Rucker
|
|
Batting: RHB Yonathan Daza
|
0-0: Called Strike 0-1: Ball 1-1: Ball 2-1: Hit by Pitch Austin Riley to second
|
Batting: RHB Orlando Arcia
|
0-0: Ball 1-0: Ball 2-0: Ball Wild Pitch! Austin Riley to third Yonathan Daza to second 3-0: Called Strike 3-1: Base on Balls
|
Batting: RHB Sean Murphy
|
0-0: Called Strike 0-1: Ball 1-1: Ball 2-1: Swinging Strike 2-2: Ball 3-2: Base on Balls Austin Riley scores Yonathan Daza to third Orlando Arcia to second
|
Batting: SHB Ehire Adrianza
|
0-0: Swinging Strike 0-1: Called Strike 0-2: Fly out, F2 (Popup, 2RF, EV 90.0 MPH)
|
Batting: LHB Michael Harris II
|
0-0: Called Strike 0-1: Swinging Strike 0-2: TRIPLE (Line Drive, 9D, EV 109.4 MPH) Yonathan Daza scores Orlando Arcia scores Sean Murphy scores
|
Batting: SHB Ozzie Albies
|
0-0: Fly out, F7 (Flyball, 7D, EV 102.5 MPH)
|
Bottom of the 5th over - 5 runs, 3 hits, 0 errors, 1 left on base; Chicago 5 - Atlanta 9 |
TOP OF THE 6TH |
Chicago Cubs batting - Pitching for Atlanta Braves : LHP Jared Shuster
|
Batting: LHB Eric Hosmer
|
0-0: Ball 1-0: Foul Ball, location: 2F 1-1: Ball 2-1: Foul Ball, location: 2F 2-2: Foul Ball, location: 2F 2-2: Ground out U3 (Groundball, 13, EV 76.9 MPH)
|
Batting: SHB Ian Happ
|
0-0: Ball 1-0: SINGLE (Line Drive, 78S, EV 103.8 MPH)
|
Batting: RHB Trey Mancini
|
0-0: Ball 1-0: Fly out, F7 (Flyball, 7, EV 91.9 MPH)
|
Pitching: LHP Lucas Luetge
|
|
Batting: LHB Miles Mastrobuoni
|
0-0: Ball 1-0: Called Strike 1-1: Ball 2-1: Called Strike 2-2: Strikes out swinging
|
Top of the 6th over - 0 runs, 1 hit, 0 errors, 1 left on base; Chicago 5 - Atlanta 9 |
BOTTOM OF THE 6TH |
Atlanta Braves batting - Pitching for Chicago Cubs : RHP Michael Rucker
|
Pitching: RHP Vinny Nittoli
|
|
Batting: RHB Ronald Acuna Jr.
|
0-0: Foul Ball, location: 3F 0-1: Ball 1-1: Ball 2-1: Ball 3-1: Ground out 6-3 (Groundball, 6, EV 82.5 MPH)
|
Batting: LHB Matt Olson
|
0-0: Called Strike 0-1: Ball 1-1: Foul Ball, location: 2F 1-2: Ball 2-2: Fly out, F9 (Flyball, 89S, EV 88.1 MPH)
|
Batting: RHB Austin Riley
|
0-0: Fly out, F4 (Popup, 3S, EV 81.9 MPH)
|
Bottom of the 6th over - 0 runs, 0 hits, 0 errors, 0 left on base; Chicago 5 - Atlanta 9 |
TOP OF THE 7TH |
Chicago Cubs batting - Pitching for Atlanta Braves : LHP Lucas Luetge
|
Batting: RHB Christopher Morel
|
0-0: Swinging Strike 0-1: Swinging Strike 0-2: Ball 1-2: Strikes out swinging
|
Batting: SHB Tucker Barnhart
|
0-0: Ball 1-0: Foul Ball, location: 3SF 1-1: SINGLE (Groundball, 56D, EV 105.0 MPH)
|
Batting: RHB Yan Gomes
|
0-0: Called Strike 0-1: Ball 1-1: Foul Ball, location: 9LMF 1-2: Strikes out swinging
|
Batting: RHB Dansby Swanson
|
0-0: Called Strike 0-1: SINGLE (Line Drive, 9S, EV 110.0 MPH) Tucker Barnhart to second
|
Batting: LHB Cody Bellinger
|
0-0: Ball 1-0: Ball 2-0: Ball 3-0: Called Strike 3-1: Ground out 4-3 (Groundball, 4, EV 113.1 MPH)
|
Top of the 7th over - 0 runs, 2 hits, 0 errors, 2 left on base; Chicago 5 - Atlanta 9 |
BOTTOM OF THE 7TH |
Atlanta Braves batting - Pitching for Chicago Cubs : RHP Vinny Nittoli
|
Batting: RHB Yonathan Daza
|
0-0: SINGLE (Line Drive, 78M, EV 104.4 MPH)
|
Batting: RHB Orlando Arcia
|
0-0: Swinging Strike 0-1: Ball 1-1: Ball 2-1: Grounds into double play, 4-6-3 (Groundball, 34, EV 101.3 MPH)
|
Batting: RHB Sean Murphy
|
0-0: Foul Ball, location: 2F 0-1: Fly out, F8 (Line Drive, 8RM, EV 89.4 MPH)
|
Bottom of the 7th over - 0 runs, 1 hit, 0 errors, 0 left on base; Chicago 5 - Atlanta 9 |
TOP OF THE 8TH |
Chicago Cubs batting - Pitching for Atlanta Braves : LHP Lucas Luetge
|
Batting: LHB Eric Hosmer
|
0-0: Ball 1-0: Ground out U3 (Groundball, 3, EV 86.3 MPH)
|
Batting: SHB Ian Happ
|
0-0: Called Strike 0-1: Called Strike 0-2: Ball 1-2: Ball 2-2: Ball 3-2: Fly out, F2 (Popup, 5SF, EV 76.3 MPH)
|
Batting: RHB Trey Mancini
|
0-0: Ball 1-0: Ball 2-0: Called Strike 2-1: Ball 3-1: Foul Ball, location: 9LSF 3-2: Foul Ball, location: 5FF 3-2: Foul Ball, location: 23FF 3-2: Strikes out looking
|
Top of the 8th over - 0 runs, 0 hits, 0 errors, 0 left on base; Chicago 5 - Atlanta 9 |
BOTTOM OF THE 8TH |
Atlanta Braves batting - Pitching for Chicago Cubs : RHP Vinny Nittoli
|
Pitching: RHP Brad Boxberger
|
|
Batting: SHB Ehire Adrianza
|
0-0: Ball 1-0: Foul Ball, location: 9LSFF 1-1: Ball 2-1: Foul Ball, location: 2F 2-2: Strikes out swinging
|
Batting: LHB Michael Harris II
|
0-0: Foul Ball, location: 2F 0-1: Ball 1-1: Ball 2-1: Ground out U3 (Groundball, 13, EV 76.9 MPH)
|
Batting: SHB Ozzie Albies
|
0-0: Ball 1-0: Called Strike 1-1: Called Strike 1-2: Strikes out swinging
|
Bottom of the 8th over - 0 runs, 0 hits, 0 errors, 0 left on base; Chicago 5 - Atlanta 9 |
TOP OF THE 9TH |
Chicago Cubs batting - Pitching for Atlanta Braves : LHP Lucas Luetge
|
Pitching: LHP Dylan Lee
|
|
Batting: LHB Miles Mastrobuoni
|
0-0: Called Strike 0-1: Ball 1-1: Ball 2-1: Foul Ball, location: 2F 2-2: Ground out 6-3 (Groundball, 6MS, EV 81.9 MPH)
|
Batting: RHB Christopher Morel
|
0-0: Ball 1-0: Ball 2-0: SINGLE (Groundball, 5D, EV 97.5 MPH)
|
Batting: SHB Tucker Barnhart
|
0-0: Called Strike 0-1: Ball 1-1: Foul Ball, location: 2F 1-2: Foul Ball, location: 2F 1-2: Grounds into double play, 5-4-3 (Groundball, 5L, EV 88.8 MPH)
|
Top of the 9th over - 0 runs, 1 hit, 0 errors, 0 left on base; Chicago 5 - Atlanta 9 |
|